 Dungeon Crawl Stone Soup version 0.17-a0-1479-g4041c36 (webtiles) character file.

1837 mrath the Ducker (level 8, 0/78 HPs)
             Began as a Troll Hunter on July 4, 2015.
             Was an Initiate of Qazlal.
             Slain by a gnoll
             ... wielding a +0 flail
              (3 damage)
             ... on level 6 of the Dungeon.
             The game lasted 01:48:54 (5617 turns).

mrath the Ducker (Troll Hunter)                     Turns: 5617, Time: 01:48:54

Health: 0/78       AC:  9    Str: 21 (22) XL:     8   Next: 87%
Magic:  7/7        EV: 11    Int:  7      God:    Qazlal [......]
Gold:   265        SH:  0    Dex: 11      Spells: 0 memorised, 7 levels left

rFire  + . .     SeeInvis .     i - +0 rapier
rCold  + + .     Clarity  .     F - +1 robe {rC+}
rNeg   . . .     SustAt   .     (no shield)
rPois  +         Gourm    +     p - +0 hat
rElec  +         Spirit   .     s - +2 cloak
rCorr  +         Warding  .     (gloves unavailable)
rMut   .         Stasis   +     (boots unavailable)
MR     .....                    y - amulet of stasis
Stlth  +++.......               (no ring)
                                l - ring of stealth

@: resistant, heavily drained, not resistant to hostile enchantments, fairly
stealthy
A: unfitting armour, claws 3, thin skeletal structure 1, clumsy 1, fast
metabolism 3, gourmand, regeneration 2, shaggy fur 1, tough skin 2
a: Renounce Religion


You were on level 6 of the Dungeon.
You worshipped Qazlal.
Qazlal was noncommittal.
You were not hungry.

You visited 2 branches of the dungeon, and saw 7 of its levels.

You collected 265 gold pieces.

Inventory:

Hand weapons
 a - a +1 hunting sling
 b - a +0 giant spiked club
 i - a +0 rapier (weapon)
 x - a +1 whip of flaming
Missiles
 f - 188 stones (quivered)
 h - 4 sling bullets
 k - 6 curare-tipped needles
 o - 14 sling bullets of flame
 q - 10 bolts
 r - 70 arrows
Armour
 j - a +0 animal skin
 m - a +0 animal skin
 p - a +0 hat (worn)
 s - a +2 cloak (worn)
 C - a +0 animal skin
 F - a +1 robe of cold resistance (worn)
Jewellery
 l - a ring of stealth (left claw)
 v - an uncursed amulet of rage
 y - an amulet of stasis (around neck)
Magical devices
 z - a wand of polymorph (0)
 B - a wand of random effects (38)
Scrolls
 g - a scroll of remove curse
 t - a scroll of identify
 G - a scroll of teleportation
Potions
 n - a potion of invisibility {unknown}
 u - a potion of flight {unknown}
 w - a potion of mutation
 E - a potion of resistance


   Skills:
 + Level 3.9(2.7) Fighting
 + Level 2.8(1.7) Short Blades
 + Level 5.4(4.1) Slings
 + Level 1.0(3.3) Throwing
 + Level 5.9(4.6) Dodging
 + Level 1.1(0.0) Stealth
 + Level 0.1(0.0) Evocations


You had 7 spell levels left.
You didn't know any spells.

Dungeon Overview and Level Annotations

Branches:
Dungeon (6/15)             Temple (1/1) D:5

Altars:
Ashenzari
Dithmenos
Elyvilon
Fedhas
Gozag
Kikubaaqudgha
Makhleb
Okawaru
Qazlal
Ru
Sif Muna
Xom
Yredelemnul
Zin
The Shining One


Innate Abilities, Weirdness & Mutations

You are too large for most types of armour.
You have claws for hands.
Your metabolism is lightning-fast.
You like to eat raw meat.
You heal very quickly.
You are covered in fur (AC +1).
You have very tough skin (AC +2).
You have a somewhat thin skeletal structure (Dex +2, Stealth).
You are clumsy. (Dex -2)


Message History

You feel drained.
You puncture the gnoll!
You kill the gnoll!
Qazlal accepts your kill.
The gnoll sergeant hits you from afar with a spear.
* * * LOW HITPOINT WARNING * * *
You barely miss the gnoll.
The gnoll sergeant hits you but does no damage.
The gnoll picks up a cyan potion.
You hit the gnoll.
The gnoll is lightly wounded.
The gnoll sergeant hits you but does no damage.
The gnoll hits you with a flail.
* * * LOW HITPOINT WARNING * * *
Drink which item? (? for menu, Esc to quit)
It was a potion of degeneration.
There was something very wrong with that liquid.
You feel weakened. The gnoll sergeant misses you.
The gnoll hits you with a flail.
You die...

###### ######## ###
#....####......########..
##........[..........#...
#####...g.....#####.....
###@#...### ###...
#g#..## ####.. #####
#g...# ####..... .....#
##.)######>...###.
.....>#####).###....####
#. ...........>.....####
#. .....###...[.####.##
.. ........#.#).(#..(## .
#######................ .


You could see a gnoll sergeant and 2 gnolls.

Vanquished Creatures
  Pikel (D:4)
  The ghost of amnekian the Ducker, an average OpTm (D:5)
  Eustachio (D:5)
  2 sky beasts
  3 slaves (D:4)
  An ogre (D:5)
  A scorpion (D:5)
  7 crimson imps
  A jelly (D:5)
  2 orc priests
  A hound (D:5)
  2 orc wizards
  Jessica (D:2)
  A centaur skeleton (D:4)
  2 worker ants (D:4)
  An iguana (D:3)
  A worker ant zombie (D:5)
  8 adders
  2 gnolls (D:6)
  4 oozes
  An adder skeleton (D:6)
  2 worms (D:2)
  6 giant geckos
  9 orcs
  2 ball pythons
  A bat skeleton (D:4)
  5 giant cockroaches
  13 hobgoblins
  2 jackals (D:1)
  3 quokkas
  6 bats
  A giant gecko skeleton (D:5)
  4 giant newts
  10 goblins
  12 kobolds
  8 rats
128 creatures vanquished.

Vanquished Creatures (others)
  A hobgoblin (D:4)
1 creature vanquished.

Grand Total: 129 creatures vanquished

Notes
Turn   | Place    | Note
--------------------------------------------------------------
     0 | D:1      | mrath the Troll Hunter began the quest for the Orb.
     0 | D:1      | Reached XP level 1. HP: 19/19 MP: 0/0
   226 | D:1      | Reached skill level 3 in Slings
   226 | D:1      | Reached XP level 2. HP: 25/27 MP: 1/1
   919 | D:2      | Reached XP level 3. HP: 35/35 MP: 2/2
  1055 | D:2      | Noticed Jessica
  1067 | D:2      | Killed Jessica
  1113 | D:2      | Reached XP level 4. HP: 42/42 MP: 3/3
  1154 | D:2      | Found a faded altar to an unknown god.
  1674 | D:3      | Found a basalt altar of Yredelemnul.
  1949 | D:3      | Reached skill level 4 in Slings
  1949 | D:3      | Reached XP level 5. HP: 46/49 MP: 4/4
  2323 | D:4      | Reached skill level 1 in Short Blades
  2402 | D:4      | Reached XP level 6. HP: 40/57 MP: 5/5
  2553 | D:4      | Noticed a slave
  2558 | D:4      | Noticed a slave
  2625 | D:4      | Killed a slave
  2638 | D:4      | Killed a slave
  2717 | D:4      | Noticed a slave
  2718 | D:4      | Noticed a slave
  2721 | D:4      | Noticed Pikel
  2768 | D:4      | Killed a slave
  2813 | D:4      | Killed Pikel
  2813 | D:4      | Reached XP level 7. HP: 52/67 MP: 6/6
  3234 | D:5      | Entered Level 5 of the Dungeon
  3307 | D:5      | Reached skill level 1 in Stealth
  3510 | D:5      | Reached XP level 8. HP: 75/75 MP: 7/7
  3543 | D:5      | Noticed amnekian's ghost (average OpTm)
  3664 | D:5      | Killed amnekian's ghost
  3817 | D:5      | Reached skill level 5 in Slings
  3817 | D:5      | Reached skill level 5 in Dodging
  4561 | D:5      | Noticed Eustachio
  4885 | D:5      | Killed Eustachio
  4885 | D:5      | Reached skill level 1 in Throwing
  4956 | D:5      | Found a staircase to the Ecumenical Temple.
  4965 | Temple   | Entered the Ecumenical Temple
  5054 | Temple   | Became a worshipper of Qazlal Stormbringer
  5610 | D:6      | Gained mutation: You are clumsy. (Dex -2) [potion of mutation]
  5610 | D:6      | Gained mutation: You have a somewhat thin skeletal structure (Dex +2, Stealth). [potion of mutation]
  5612 | D:6      | HP: 2/78 [gnoll sergeant/spear (8)]
  5617 | D:6      | Slain by a gnoll

Vault maps used:
D:1:      enne_arrival_octagon_isle, minmay_misc_feat_tower,
          minmay_misc_feat_nine_boxes, serial_bayou_pond_a, minmay_misc_feat_x
D:2:      first_bread, ecumenical_altar_1, uniq_jessica
D:3:      lemuel_coloured_pillars_altar, wad_floor_pattern_2,
          minmay_misc_feat_rows
D:4:      uniq_pikel
D:5:      temple_hall, uniq_eustachio
Temple:   water_room_temple_a_12

Action                   |  1- 3 |  4- 6 |  7- 9 || total
-------------------------+-------+-------+-------++-------
Melee: Short sword       |    25 |   236 |   208 ||   469
       Unarmed           |       |    13 |       ||    13
       Rapier            |       |       |   190 ||   190
       Whip              |       |       |    12 ||    12
       Giant spiked club |       |       |     7 ||     7
 Fire: Hunting sling     |    50 |    97 |   167 ||   314
Throw: Stone             |     6 |    18 |    22 ||    46
 Abil: Evoke Berserk Rag |       |       |     1 ||     1
  Use: Scroll            |     3 |     3 |     2 ||     8
       Potion            |       |     7 |     4 ||    11
  Eat: Chunk             |     7 |    17 |    12 ||    36
       Bread ration      |       |       |     3 ||     3
       Royal jelly       |       |       |     1 ||     1
